 Dungeon Crawl Stone Soup version 0.28-a0-1435-g82390b3a13 (webtiles) character file.

Game seed: 4196211908231332

1621 Hasart the Skirmisher (level 8, 0/87 HPs)
             Began as an Ogre Fighter on Jan 9, 2022.
             Was an Initiate of Dithmenos.
             Slain by an orc warrior (11 damage)
             ... in a bailey.
             The game lasted 00:10:49 (5328 turns).

Hasart the Skirmisher (Ogre Fighter)                Turns: 5328, Time: 00:10:50

Health: 0/87       AC:  5    Str: 23    XL:     8   Next: 96%
Magic:  8/8        EV: 13    Int:  9    God:    Dithmenos [......]
Gold:   421        SH:  8    Dex:  8    Spells: 7/7 levels left

rFire   . . .      SeeInvis .   a - +0 war axe
rCold   . . .      Faith    .   c - +0 kite shield
rNeg    . . .      Spirit   .   b - +0 robe
rPois   .          Reflect  .   (helmet restricted)
rElec   .          Harm     .   v - +1 cloak
rCorr   .          Rampage  .   (gloves unavailable)
Will    .....                   (boots unavailable)
Stlth   +.........              o - amulet of regeneration
HPRegen 1.04/turn               i - +4 ring of evasion
MPRegen 0.11/turn               (no ring)

@: mighty
A: large, unfitting armour, tough skin 1
a: Renounce Religion


You were in a bailey.
You worshipped Dithmenos.
Dithmenos was noncommittal.
You visited 2 branches of the dungeon, and saw 8 of its levels.
You also visited: Bailey.

You collected 421 gold pieces.

Inventory:

Hand Weapons
 a - a +0 war axe (weapon)
Armour
 b - a +0 robe (worn)
 c - a +0 kite shield (worn)
 v - a +1 cloak (worn)
Jewellery
 i - a +4 ring of evasion (left hand)
 n - a ring of ice
 o - an amulet of regeneration (around neck)
 A - a ring of wizardry
Wands
 g - a wand of polymorph (7)
 y - a wand of flame (28)
Scrolls
 f - a scroll of fear
 h - 3 scrolls of identify
 k - a scroll of blinking
 q - a scroll of summoning
Potions
 d - 2 potions of might
 e - 2 potions of mutation {unknown}
 j - a potion of magic {unknown}
 l - a potion of haste {unknown}
 m - 2 potions of flight
 r - a potion of resistance
 s - a potion of heal wounds {unknown}
 t - a potion of ambrosia
 u - 3 potions of curing
 w - a potion of brilliance
 z - a potion of degeneration {unknown}


   Skills:
 + Level 7.5 Fighting
 * Level 7.2 Axes
 + Level 5.2 Dodging
 + Level 5.2 Shields


You had 7 spell levels left.
You didn't know any spells.
Your spell library contained the following spells:

 Spells                   Type           Power      Damage    Failure   Level
 Sublimation of Blood     Necr           0%         N/A       80%         2
 Petrify                  Tmut/Erth      0%         N/A       100%        4
 Irradiate                Conj/Tmut      0%         3d13      100%        5


Dungeon Overview and Level Annotations

Branches:
Dungeon (7/15)             Temple (1/1) D:6          Bailey (1/1)

Altars:
Ashenzari
Cheibriados
Dithmenos
Elyvilon
Fedhas
Gozag
Kikubaaqudgha
Makhleb
Okawaru
Qazlal
Ru
Vehumet
Wu Jian
Xom
Yredelemnul
Zin
The Shining One

Shops:
D:1 =


Innate Abilities, Weirdness & Mutations

You are too large for most types of armour.
You have tough skin. (AC +1)


Message History

The orc warrior shoots a bolt.
The bolt misses you.
The orc shoots a bolt.
You block the bolt.
The orc warrior shoots a bolt.
The bolt barely misses you.
The orc shoots a bolt.
The bolt barely misses you.
The orc warrior shoots a bolt.
You block the bolt.
The orc warrior shoots a bolt.
The bolt hits you!!
Unknown command.
Found a gate leading back out of this place.
The orc warrior shoots a bolt.
The bolt hits you!
The orc warrior shoots a bolt.
The bolt misses you.
Unknown command.
The orc warrior shoots a bolt.
The bolt closely misses you.
The orc warrior unwields a +0 arbalest.
The orc warrior barely misses you.
The orc shoots a bolt.
You block the bolt.
Unknown command.
You feel very mighty all of a sudden.
The orc warrior shoots a bolt.
The bolt hits you!!
* * * LOW HITPOINT WARNING * * *
The orc warrior unwields a +0 arbalest.
The orc warrior hits you.
* * * LOW HITPOINT WARNING * * *
You block the orc warrior's attack.
Unknown command.
You feel better.
The orc warrior shoots a bolt.
You block the bolt. The orc warrior closely misses you.
The orc warrior misses you.
The orc unwields a +0 arbalest.
The orc hits you but does no damage.
Unknown command.
You barely miss the orc warrior. You closely miss the orc warrior.
You barely miss the orc.
The orc warrior shoots a bolt.
You block the bolt. You block the orc warrior's attack.
The orc warrior hits you.
* * * LOW HITPOINT WARNING * * *
The orc hits you but does no damage.
The orc warrior shoots a bolt.
You block the bolt.
Unknown command.
Unknown command.
You closely miss the orc warrior. You slash the orc!
You kill the orc!
Dithmenos accepts your kill.
You slash the orc warrior! You block the orc warrior's attack.
The orc warrior hits you!
You die...

.........#
≈≈≈......# .
###≈≈.....# .≈
#.##≈.....# ..
.o#≈.....#
#∩.##≈.....#
.≈##o#≈≈.....#
.≈≈≈.≈≈......#
......)@.....#
......oo.....#
.............#
#............#
#............#
#............#
#............#
#............#


You could see 3 orc warriors.

Vanquished Creatures
  A wyvern (D:7)
  A black bear (D:6)
  5 ogres
  A kobold brigand (D:6)
  A bullfrog (D:7)
  2 scorpions
  A howler monkey (D:6)
  A centaur zombie (D:5)
  A hound (D:6)
  A jelly (D:6)
  3 bullfrog skeletons
  An iguana (D:4)
  Ijyb (D:5)
  10 orc wizards
  4 gnolls
  3 adders
  A white imp (D:6)
  A worm (D:2)
  2 dart slugs
  13 orcs
  4 bats
  7 endoplasms
  A giant cockroach (D:1)
  11 goblins
  13 hobgoblins
  2 jackals (D:4)
  2 quokkas
  2 ball pythons
  A frilled lizard (D:3)
  15 kobolds
  5 rats
117 creatures vanquished.

Vanquished Creatures (others)
  2 orc wizards (D:6)
  3 fungi (D:1)
  4 toadstools (D:1)
9 creatures vanquished.

Grand Total: 126 creatures vanquished

Notes
Turn   | Place    | Note
-------+----------+-------------------------------------------
     0 | D:1      | Hasart the Ogre Fighter began the quest for the Orb.
     0 | D:1      | Reached XP level 1. HP: 24/24 MP: 1/1
   316 | D:1      | Reached XP level 2. HP: 23/32 MP: 2/2
   609 | D:1      | Found Zeirph Zaco's Jewellery Boutique.
   992 | D:2      | Reached XP level 3. HP: 36/40 MP: 3/3
  1340 | D:2      | Found a snail-covered altar of Cheibriados.
  1344 | D:2      | You fall into a shaft and drop 1 floor!
  1443 | D:3      | Reached XP level 4. HP: 33/49 MP: 4/4
  2417 | D:4      | Noticed an ogre
  2529 | D:4      | Killed an ogre
  2530 | D:4      | Reached skill level 5 in Fighting
  2530 | D:4      | Reached XP level 5. HP: 39/57 MP: 5/5
  2656 | D:4      | Noticed an ogre
  2662 | D:4      | Killed an ogre
  2663 | D:4      | Reached XP level 6. HP: 66/66 MP: 6/6
  3035 | D:5      | Entered Level 5 of the Dungeon
  3833 | D:5      | Reached XP level 7. HP: 68/74 MP: 7/7
  3898 | D:5      | Reached skill level 5 in Axes
  3937 | D:5      | Found a basalt altar of Yredelemnul.
  3937 | D:5      | Noticed Ijyb
  3959 | D:5      | Killed Ijyb
  4270 | D:6      | Reached XP level 8. HP: 84/84 MP: 8/8
  4844 | D:6      | Reached skill level 5 in Shields
  5019 | D:6      | Found a staircase to the Ecumenical Temple.
  5028 | Temple   | Entered the Ecumenical Temple
  5067 | Temple   | Became a worshipper of Dithmenos the Shadowed
  5159 | D:7      | Noticed a wyvern
  5190 | D:6      | Reached skill level 5 in Dodging
  5284 | D:7      | Killed a wyvern
  5299 | D:7      | Found a flagged portal.
  5308 | Bailey   | Entered a bailey
  5328 | Bailey   | Slain by an orc warrior

Illustrated notes

Levels and vault maps discovered:
D:1:      ncdulo_halloftheorcs, layout_rooms, serial_shops, shop,
          minmay_gold_behind_fungi, kennysheep_decorative_pillar,
          minmay_tetromino_s2
D:2:      layout_loops_cross, ebering_ecumenical_altar_mist, basic_altar
D:3:      layout_rooms, minmay_goblin_kobold_house
D:4:      layout_basic, grunt_decor_junction, item_on_display_a
D:5:      layout_loops_corners, yredelemnul_altar_generic, bh_walls_and_bars,
          uniq_ijyb
D:6:      minmay_flawed_box, layout_cave_pools, minmay_temple_entry_fiery
D:7:      layout_gridville, serial_shops, shop, enter_bailey_8,
          grunt_ministairs_9, uniq_menkaure
Temple:   compressed_dpeg_circular_temple
Bailey:   bailey_polearm_2, bailey

Skill      XL: |  1  2  3  4  5  6  7  8 |
---------------+-------------------------+-----
Dodging        | 3 4 5 |  5.2
Shields        | 3 4 5 |  5.2
Axes           | 3 4 5 7 |  7.2
Fighting       | 5 6 7 |  7.5

Action                   |  1- 3 |  4- 6 |  7- 9 || total
-------------------------+-------+-------+-------++-------
Melee: War axe           |   101 |   128 |   188 ||   417
  Use: Scroll            |       |       |    14 ||    14
       Potion            |       |       |     2 ||     2
Armor: Robe              |    29 |    23 |    76 ||   128
Dodge: Dodged            |    42 |    65 |   145 ||   252
Block: Kite shield       |    48 |    52 |    73 ||   173

Table legend: (Time is in decaauts)
 A = Elapsed time spent in this place.
 B = Non-inter-level travel time spent in this place.
 C = Inter-level travel time spent in this place.
 D = Time resting spent in this place.
 E = Time spent auto-exploring this place.
 F = Levels seen in this place.
 G = Mean time per level.
                   A        B        C        D        E       F      G
               +--------+--------+--------+--------+--------+-----+--------+
         Total |   5502 |   5365 |    137 |    457 |   3562 |   9 |  611.3 |
       Dungeon |   5409 |   5305 |    104 |    457 |   3535 |   7 |  772.7 |
        Temple |     72 |     39 |     33 |      0 |     25 |   1 |   72.0 |
        Bailey |     20 |     20 |      0 |      0 |      2 |   1 |   20.0 |
               +--------+--------+--------+--------+--------+-----+--------+

Top non-repeatable levels by time:
     D:5: 1312 daAuts
     D:3: 1072 daAuts
     D:1: 862 daAuts
     D:6: 851 daAuts
     D:4: 677 daAuts
     D:2: 521 daAuts
     D:7: 111 daAuts
  Temple: 72 daAuts
  Bailey: 20 daAuts
